 Dungeon Crawl Stone Soup version 0.21.1-1-g345015fe64 (webtiles) character file.

66 Faustar the Magician (level 3, -1/19 HPs)
             Began as a Deep Elf Necromancer on June 11, 2018.
             Slain by an adder (2 damage)
             ... on level 3 of the Dungeon.
             The game lasted 00:05:05 (2465 turns).

Faustar the Magician (Deep Elf Necromancer)         Turns: 2465, Time: 00:05:06

Health: -1/19      AC:  2    Str:  8    XL:     3   Next: 96%
Magic:  6/12       EV: 13    Int: 25    God:
Gold:   67         SH:  0    Dex: 15    Spells: 11/13 levels left

rFire    . . .     SeeInvis .   n - -1 short sword (curse)
rCold    . . .     Gourm    +   (no shield)
rNeg     . . .     Faith    .   a - +0 robe
rPois    .         Spirit   .   (no helmet)
rElec    .         Reflect  .   (no cloak)
rCorr    .         Harm     .   (no gloves)
MR       .....                  (no boots)
Stlth    ++........             l - amulet of the gourmand
HPRegen  0.06/turn              g - +3 ring of strength (curse)
MPRegen  0.13/turn              (no ring)

@: brilliant, lethally poisoned (-1 -> -14)
A: no striking features
a: no special abilities


You were on level 3 of the Dungeon.
You were near starving.

You visited 1 branch of the dungeon, and saw 3 of its levels.

You collected 67 gold pieces.

Inventory:

Hand Weapons
 h - a +0 dagger
 i - a +3 short sword of venom
 n - a cursed -1 short sword (weapon)
Armour
 a - a +0 robe (worn)
Jewellery
 g - a cursed +3 ring of strength (left hand)
 l - an amulet of the gourmand (around neck)
Wands
 m - a wand of digging (17)
Scrolls
 d - a scroll of teleportation {unknown}
 e - 2 scrolls of identify
 f - a scroll of magic mapping {unknown}
Potions
 k - a potion of haste {unknown}
Books
 b - a book of Necromancy

   Spells                             Type                      Level
   a - Pain                           Necromancy                   1
   b - Animate Skeleton               Necromancy                   1
   c - Vampiric Draining              Necromancy                   3
   d - Regeneration                   Charms/Necromancy            3
   e - Animate Dead                   Necromancy                   4
   f - Borgnjor's Vile Clutch         Necromancy/Earth             5
Comestibles
 c - 6 rations


   Skills:
 - Level 2.4 Dodging
 - Level 2.4 Stealth
 + Level 5.9 Spellcasting
 - Level 4.8 Necromancy


You had 11 spell levels left.
You knew the following spells:

 Your Spells              Type           Power        Failure   Level  Hunger
a - Pain                  Necr           ####         1%          1    None
b - Animate Skeleton      Necr           N/A          1%          1    None


Dungeon Overview and Level Annotations

Branches:
Dungeon (3/15)

Altars:
Fedhas
Gozag
Zin


Message History

You are lethally poisoned!
The adder poisons you!
Casting: Pain
Confirm with . or Enter, or press ? or * to list all spells.
Aiming: Pain
Press: ? - help, Shift-Dir - straight line, f/p - adder
Aim: an adder (almost dead, chance to defeat MR: 89%)
The adder barely resists.
* * * LOW HITPOINT WARNING * * *
You feel sick. The adder bites you.
* * * LOW HITPOINT WARNING * * *
You are more poisoned.
The adder poisons you! The goblin hits you with a club.
* * * LOW HITPOINT WARNING * * *
It was a potion of brilliance.
You feel clever all of a sudden.
You are near starving!
* * * LOW HITPOINT WARNING * * *
You feel sick. The adder bites you.
You die...

########
#......#
#.####.#####
##.#.).......
#....#.......
#<.#g...#
..#####..@S...#
|.......#####.#
.<#######
#.##.##.#
#...>...#
#.......##.####
........# #
....gS..#
.........
#.$....=#


You could see an adder and a goblin.

Vanquished Creatures
  2 adders
  A dart slug (D:2)
  2 leopard geckos
  4 bats
  2 giant cockroaches (D:1)
  7 goblins
  3 hobgoblins (D:1)
  3 jackals (D:1)
  A quokka (D:2)
  9 frilled lizards (D:1)
  6 kobolds
  2 rats (D:2)
42 creatures vanquished.

Vanquished Creatures (collateral kills)
  A rat (D:2)
1 creature vanquished.

Grand Total: 43 creatures vanquished

Notes
Turn   | Place    | Note
-------+----------+-------------------------------------------
     0 | D:1      | Faustar the Deep Elf Necromancer began the quest for the Orb.
     0 | D:1      | Reached XP level 1. HP: 10/10 MP: 6/6
   130 | D:1      | Reached skill level 4 in Spellcasting
   130 | D:1      | Reached XP level 2. HP: 7/15 MP: 5/9
   681 | D:1      | Learned a level 1 spell: Animate Skeleton
  1116 | D:1      | Reached XP level 3. HP: 14/19 MP: 4/11
  1316 | D:2      | Reached skill level 5 in Spellcasting
  1466 | D:2      | Found a faded altar of an unknown god.
  2058 | D:2      | Found an opulent altar of Gozag.
  2100 | D:2      | Found a glowing silver altar of Zin.
  2292 | D:2      | Found a blossoming altar of Fedhas.
  2465 | D:3      | Slain by an adder

Skill      XL: |  1  2  3 |
---------------+----------+-----
Spellcasting   | 4 5 |  5.9
Dodging        | |  2.4
Stealth        | |  2.4
Necromancy     | |  4.8

Action                   || total
-------------------------++-------
Melee: Unarmed           ||    18
       Short sword       ||     6
       Dagger            ||     1
 Cast: Pain              ||    67
       Animate Skeleton  ||     7
  Use: Scroll            ||     3
       Potion            ||     1
 Stab: Sleeping          ||     2
  Eat: Chunk             ||     3
Armor: Robe              ||    21
Dodge: Dodged            ||    28
